 Dungeon Crawl Stone Soup version 0.32-a0-921-g04a7ad8e02 (webtiles) character file.

Game seed: 9070022942223088095

294 niknal the Caller (level 6, 0/45 HPs)
             Began as a Mountain Dwarf Summoner on Apr 11, 2024.
             Slain by Grinder (3 damage)
             ... on level 6 of the Dungeon on Apr 12, 2024.
             The game lasted 00:07:32 (3352 turns).

niknal the Caller (Mountain Dwarf Summoner)         Turns: 3352, Time: 00:07:32

Health: 0/45       AC:  6    Str:  8 (11) XL:     6   Next: 11%
Magic:  9/11       EV:  8    Int: 18 (20) God:
Gold:   198        SH:  0    Dex:  8 (9)  Spells: 2/12 levels left

rFire   + . .        n - +0 flail
rCold   . . .        (no shield)
rNeg    . . .        i - +0 ring mail
rPois   .            (no helmet)
rElec   .            l - +0 cloak
rCorr   .            (no gloves)
SInv    +            (no boots)
Will    .....        (no amulet)
Stlth   +            p - ring of protection from fire
HPRegen 0.27/turn    (no ring)
MPRegen 0.12/turn

%: no passive effects
@: unable to call your familiar
A: runic magic, artefact enchanting, see invisible, clever 1, wild magic 1
a: no special abilities


You were on level 6 of the Dungeon.
You visited 2 branches of the dungeon, and saw 6 of its levels.

You collected 198 gold pieces.

Inventory:

Hand Weapons
 n - a +0 flail (weapon)
Armour
 h - the +0 robe of the Forest {Will+ rCorr Str+4}
   (You found it on level 2 of the Dungeon)

   Str+4:     It affects your strength (+4).
   Will+:     It increases your willpower.
   rCorr:     It protects you from acid and corrosion.
 i - a +0 ring mail (worn)
 l - a +0 cloak (worn)
Jewellery
 p - a ring of protection from fire (left hand)
Scrolls
 a - 2 scrolls of teleportation
 b - 3 scrolls of identify
 c - a scroll of blinking {unknown}
 d - 2 scrolls of amnesia
 f - a scroll of poison {unknown}
 g - a scroll of torment {unknown}
 m - a scroll of silence {unknown}
Potions
 j - a potion of mutation
 k - 2 potions of attraction


   Skills:
 - Level 1.3 Dodging
 - Level 1.4 Stealth
 + Level 3.9 Spellcasting
 + Level 5.8 Summonings
 + Level 1.4 Fire Magic


You had 2 spell levels left.
You knew the following spells:

 Your Spells              Type           Power      Damage    Failure   Level
a - Summon Small Mammal   Summ           100%       N/A       3%          1
b - Call Imp              Summ           64%        N/A       4%          2
c - Call Canine Familiar  Summ           32%        N/A       9%          3
d - Summon Blazeheart Go  Fire/Summ      21%        N/A       50%         4

Your spell library contained the following spells:

 Spells                   Type           Power      Damage    Failure   Level
 Shock                    Conj/Air       16%        1d4       28%         1
 Slow                     Hex            16%        N/A       28%         1
 Volatile Blastmotes      Fire/Tloc      16%        2d11      50%         3
 Confusing Touch          Hex            4%         N/A       61%         3
 Swiftness                Air            4%         N/A       61%         3
 Vampiric Draining        Necr           4%         2d6       61%         3
 Summon Lightning Spire   Summ/Air       18%        N/A       61%         4
 Airstrike                Air            2%         2d(1-17)  93%         4
 Fulminant Prism          Conj/Alch      2%         3d5       93%         4
 Iskenderun's Mystic Bla Conj/Tloc 4%             2d3        (+2d1     93%         4


Dungeon Overview and Level Annotations

Branches:
Dungeon (6/15)             Temple (1/1) D:6

Altars:
Elyvilon
Kikubaaqudgha
Makhleb
Okawaru
Ru
Sif Muna
Uskayaw
Vehumet
Wu Jian

Annotations:
D:6 Grinder


Innate Abilities, Weirdness & Mutations

Your spellcasting is much less encumbered by armour.
You can use scrolls of enchantment on lesser artefacts.
You have supernaturally acute eyesight. (SInv)
Your mind is acute. (Int +4, Str/Dex -1)
Your spells are a little harder to cast, but a little more powerful.


Message History

Your cerulean imp barely misses Grinder.
Grinder hits your inugami!
Your inugami dies!
Your inugami disappears in a puff of smoke!
Your cerulean imp misses Grinder.
Your cerulean imp barely misses Grinder.
Grinder says, "I used to sell toenails on the black market."
Grinder gestures at you. Pain shoots through your body!
Your cerulean imp hits Grinder but does no damage.
Your cerulean imp hits Grinder but does no damage.
You closely miss Grinder.
Grinder is moderately wounded.
Grinder says, "Just stop there for a second..."
Grinder barely misses you.
Your cerulean imp closely misses Grinder.
Grinder hits you.
You writhe in agony.
You hit Grinder.
Grinder is heavily wounded.
Your cerulean imp hits Grinder but does no damage.
Grinder hits you.
You writhe in agony.
* * * LOW HITPOINT WARNING * * *
Unknown command.
You closely miss Grinder.
Grinder is heavily wounded.
Your cerulean imp barely misses Grinder.
Grinder hits you.
* * * LOW HITPOINT WARNING * * *
You writhe in agony.
* * * LOW HITPOINT WARNING * * *
Your cerulean imp barely misses Grinder.
Unknown command.
Okay, then.
As you read the scroll labelled QUNNUI SIHI, it crumbles to dust.
It is a scroll of identify.
d - 2 scrolls of amnesia Grinder says, "Are you a fish?"
Grinder hits you.
You die...
Grinder says, "Now the real fun starts!"

####... .$..... ##
#####....... .
#................
#.#................
##.#...............#
....5...###+###....+
####5...#.....#....#
#..@....#.....#....#
#.......#.....#....#
#.......'..>..†....#
#...#####.....#####.
#...# #.....# +...#
#.....# #...#
###+### #...# #...


You could see Grinder (ally target) and a friendly cerulean imp (summoned).

Vanquished Creatures
  Natasha (D:2)
  2 adders
  A ribbon worm (D:2)
  4 orcs
  7 ball pythons
  3 giant cockroaches
  2 hobgoblins
  3 jackals (D:4)
  3 quokkas
  2 bats (D:2)
  3 frilled lizards (D:1)
  4 goblins
  2 kobolds
  2 rats
39 creatures vanquished.

Vanquished Creatures (collateral kills)
  A scorpion (D:6)
  Crazy Yiuf (D:2)
  Natasha (twice) (D:2)
  3 adders
  3 dart slugs
  3 ribbon worms
  An orc (D:4)
  4 endoplasms
  2 giant cockroaches
  5 goblins
  2 hobgoblins
  A nameless horror (D:6)
  A ball python (D:1)
  A frilled lizard (D:2)
  4 kobolds
  4 rats
38 creatures vanquished.

Grand Total: 77 creatures vanquished

Notes
Turn   | Place    | Note
-------+----------+-------------------------------------------
     0 | D:1      | niknal the Mountain Dwarf Summoner began the quest for the
                  | Orb.
     0 | D:1      | Reached XP level 1. HP: 14/14 MP: 3/3
     0 | D:1      | Upgraded the game from 0.32-a0-918-g0f22ef8d61 to
                  | 0.32-a0-921-g04a7ad8e02
   282 | D:1      | Reached XP level 2. HP: 17/20 MP: 5/5
   285 | D:1      | Learned a level 2 spell: Call Imp
  1120 | D:2      | Noticed Natasha
  1164 | D:1      | Reached XP level 3. HP: 16/26 MP: 0/6
  1319 | D:1      | Learned a level 3 spell: Call Canine Familiar
  1333 | D:2      | Killed Natasha
  1537 | D:2      | Noticed Natasha
  1549 | D:2      | Killed Natasha
  1550 | D:2      | Reached skill level 5 in Summonings
  1550 | D:2      | Reached XP level 4. HP: 33/33 MP: 3/8
  1550 | D:2      | Noticed Natasha
  1555 | D:2      | Gained mutation: You have supernaturally acute eyesight.
                  | (SInv) [potion of mutation]
  1555 | D:2      | Gained mutation: Your mind is acute. (Int +4, Str/Dex -1)
                  | [potion of mutation]
  1555 | D:2      | Gained mutation: Your spells are a little harder to cast,
                  | but a little more powerful. [potion of mutation]
  1557 | D:2      | Killed Natasha
  1942 | D:2      | Identified the +0 robe of the Forest {Will+ rCorr Str+4}
  2048 | D:2      | Reached XP level 5. HP: 32/38 MP: 7/9
  2270 | D:2      | Found a runed translucent door.
  2271 | D:2      | Noticed Crazy Yiuf
  2284 | D:2      | Killed Crazy Yiuf
  2627 | D:3      | Learned a level 4 spell: Summon Blazeheart Golem
  2803 | D:3      | Found a faded altar of an unknown god.
  2803 | D:3      | Noticed an Executioner
  3055 | D:4      | Noticed a centaur
  3056 | D:4      | Noticed a centaur
  3192 | D:4      | You fall into a shaft and drop 2 floors!
  3192 | D:6      | Found a staircase to the Ecumenical Temple.
  3243 | Temple   | Entered the Ecumenical Temple
  3261 | D:6      | Reached skill level 1 in Fire Magic
  3261 | D:6      | Reached XP level 6. HP: 6/45 MP: 5/11
  3327 | D:6      | Noticed Grinder
  3351 | D:6      | HP: 2/45 [Grinder (5)]
  3352 | D:6      | Slain by Grinder

Illustrated notes

Levels and vault maps discovered:
D:1:      dpeg_arrival_orchard, layout_basic
D:2:      layout_rooms, kennysheep_generic_room_10, uniq_natasha,
          uniq_crazy_yiuf_cottage
D:3:      layout_rooms, dreamdust_ecumenical_altar_sealed_demon, minmay_ruptured
D:4:      layout_basic, nicolae_tso_swordbearing_angel, minmay_manual_mares,
          uniq_edmund, uniq_ijyb
D:6:      minmay_klotski, layout_basic, ashenzari_conservatory_becter,
          overflow_temple_1_default, temple_green, serial_shops, shop,
          uniq_grinder
Temple:   compressed_dpeg_triangle_lava_temple

Skill      XL: |  1  2  3  4  5 |
---------------+----------------+-----
Spellcasting   | 2 3 |  3.9
Summonings     | 5 |  5.8
Fire Magic     | 1 |  1.4
Dodging        | |  1.3
Stealth        | |  1.4

Action                     |  1- 3 |  4- 6 || total
---------------------------+-------+-------++-------
  Melee: Unarmed           |    10 |       ||    10
         Short sword       |    50 |    98 ||   148
         Flail             |       |    60 ||    60
         Mace              |       |    14 ||    14
   Cast: Summon Small Mamm |     8 |       ||     8
         Call Imp          |    12 |    11 ||    23
         Call Canine Famil |     2 |    14 ||    16
    Use: Scroll            |     1 |     2 ||     3
         Potion            |     1 |     6 ||     7
   Stab: Distracted        |     1 |     1 ||     2
 Armour: Robe              |    12 |       ||    12
         Leather armour    |    20 |       ||    20
         Ring mail         |    31 |   195 ||   226
  Dodge: Dodged            |    42 |   124 ||   166

Table legend: (Time is in decaauts)
 A = Elapsed time spent in this place.
 B = Non-inter-level travel time spent in this place.
 C = Inter-level travel time spent in this place.
 D = Time resting spent in this place.
 E = Time spent auto-exploring this place.
 F = Levels seen in this place.
 G = Mean time per level.
                   A        B        C        D        E       F      G
               +--------+--------+--------+--------+--------+-----+--------+
         Total |   3389 |   3328 |     61 |    684 |   1836 |   6 |  564.8 |
       Dungeon |   3333 |   3272 |     61 |    634 |   1836 |   5 |  666.6 |
        Temple |     55 |     55 |      0 |     50 |      0 |   1 |   55.0 |
               +--------+--------+--------+--------+--------+-----+--------+

Top non-repeatable levels by time:
     D:1: 1316 daAuts
     D:2: 1064 daAuts
     D:3: 474 daAuts
     D:4: 367 daAuts
     D:6: 110 daAuts
  Temple: 55 daAuts
